 Dungeon Crawl Stone Soup version 0.21.1-1-g345015f (webtiles) character file.

87 Falco the Vandal (level 4, 0/33 HPs)
             Began as a Formicid Arcane Marksman on May 8, 2018.
             Slain by an adder (5 damage)
             ... on level 2 of the Dungeon.
             The game lasted 00:11:45 (1853 turns).

Falco the Vandal (Formicid Arcane Marksman)         Turns: 1853, Time: 00:11:46

Health: 0/33       AC:  2    Str: 14    XL:     4   Next: 80%
Magic:  4/5        EV: 12    Int: 13    God:
Gold:   40         SH:  0    Dex: 12    Spells: 2/5 levels left

rFire    . . .     SeeInvis +   b - +4 dagger
rCold    . . .     Gourm    .   (no shield)
rNeg     . . .     Faith    .   e - +0 robe
rPois    .         Spirit   .   (helmet unavailable)
rElec    .         Reflect  .   (no cloak)
rCorr    .         Harm     .   (no gloves)
MR       .....                  (no boots)
Stlth    +.........             (no amulet)
HPRegen  0.11/turn              (no ring)
MPRegen  0.09/turn              (no ring)

@: no status effects
A: permanent stasis, dig shafts and tunnels, four strong arms, antennae 3
a: Dig, Shaft Self


You were on level 2 of the Dungeon.
You were not hungry.

You visited 1 branch of the dungeon, and saw 2 of its levels.

You collected 40 gold pieces.

Inventory:

Hand Weapons
 a - a +0 hunting sling
 b - a +4 dagger (weapon)
 i - a +0 dagger
 t - a +0 dagger of venom
Missiles
 d - 23 sling bullets
 g - 117 stones (quivered)
 k - 25 bolts
 p - 6 needles of confusion
 q - a throwing net
Armour
 e - a +0 robe (worn)
Scrolls
 j - a scroll of remove curse {unknown}
 l - a scroll of amnesia {unknown}
 m - a scroll of fear {unknown}
 s - a scroll of enchant weapon {unknown}
Potions
 h - 2 potions of degeneration {unknown}
 n - a potion of invisibility {unknown}
 o - 3 potions of might
 r - 2 potions of curing {unknown}
Books
 c - a book of Debilitation

   Spells                             Type                      Level
   a - Corona                         Hexes                        1
   b - Slow                           Hexes                        2
   c - Inner Flame                    Hexes/Fire                   3
   d - Portal Projectile              Hexes/Translocation          3
   e - Cause Fear                     Hexes                        4
   f - Leda's Liquefaction            Hexes/Earth                  4
Comestibles
 f - 5 rations


   Skills:
 + Level 1.6 Fighting
 + Level 0.8 Short Blades
 + Level 4.3 Slings
 + Level 1.8 Dodging
 + Level 1.1 Spellcasting
 + Level 3.9 Hexes


You had 2 spell levels left.
You knew the following spells:

 Your Spells              Type           Power        Failure   Level  Hunger
a - Corona                Hex            ##.....      5%          1    ##.....
b - Slow                  Hex            ##......     9%          2    ###....


Dungeon Overview and Level Annotations

Branches:
Dungeon (2/15)

Altars:


Innate Abilities, Weirdness & Mutations

You cannot be hasted, slowed, berserked, paralysed or teleported.
You can dig through walls and to a lower floor.
Your four strong arms can wield two-handed weapons with a shield.
You have a pair of large antennae on your head. (SInv)


Message History

Casting: Corona
Confirm with . or Enter, or press ? or * to list all spells.
Aiming: Corona
Press: ? - help, Shift-Dir - straight line, f/p - adder
Aim: an adder (lightly wounded, chance to defeat MR: 55%)
The adder is outlined in light.
The adder completely misses you. The adder barely misses you.
Really attack while wielding your +0 hunting sling? [Y]es or [N]o only, please.
Really attack while wielding your +0 hunting sling?
Okay, then.
b - a +4 dagger (weapon)
You hit the adder.
The adder is lightly wounded.
The adder closely misses you. The adder bites you.
* * * LOW HITPOINT WARNING * * *
You hit the adder.
The adder is heavily wounded.
The adder bites you.
You die...

#.#........##.......##≈♣♣≈
#.#......)..#.....≈≈♣ ≈♣♣≈
#.#....)...)#...≈♣P♣♣♣≈♣
#.#.........#..≈♣≈≈♣P≈≈≈
#.#.........#♣≈PPP≈≈P≈≈≈≈
#.'.........♣≈≈≈♣≈≈≈≈≈≈≈≈
###........≈≈≈≈≈♣≈≈≈≈≈≈≈≈
##########........P≈P♣≈P≈≈≈≈≈≈≈≈
#...............@S≈♣≈≈P≈≈≈≈≈≈≈≈≈
#..................P♣P≈P≈P≈≈≈≈≈≈
#..........#####'###≈♣≈≈≈≈≈P≈≈≈≈
#..........# #.#...♣♣♣≈≈≈≈≈≈≈≈
#..........# ###.#.### ♣≈♣♣♣♣≈≈P
#..........# #...#.# #♣P
.÷.........# ###.#.# ##
...........#####.#.#
...#######.......#.#


You could see an adder.

Vanquished Creatures
  4 adders (D:2)
  An ooze (D:1)
  A worm (D:2)
  A dart slug (D:1)
  2 leopard geckos
  A giant cockroach (D:1)
  7 goblins
  3 hobgoblins (D:1)
  A ball python (D:2)
  9 bats
  2 frilled lizards
  6 kobolds
  7 rats
45 creatures vanquished.

Notes
Turn   | Place    | Note
-------+----------+-------------------------------------------
     0 | D:1      | Falco the Formicid Arcane Marksman began the quest for the Orb.
     0 | D:1      | Reached XP level 1. HP: 15/15 MP: 2/2
    65 | D:1      | Reached XP level 2. HP: 13/21 MP: 0/3
   439 | D:1      | Reached skill level 3 in Slings
   444 | D:1      | Learned a level 2 spell: Slow
   585 | D:1      | Reached XP level 3. HP: 26/26 MP: 4/4
  1131 | D:2      | Reached skill level 4 in Slings
  1131 | D:2      | Reached XP level 4. HP: 22/32 MP: 5/5
  1853 | D:2      | Slain by an adder

Skill      XL: |  1  2  3 |
---------------+----------+-----
Slings         | 3 4 |  4.3
Fighting       | |  1.6
Short Blades   | |  0.8
Dodging        | |  1.8
Spellcasting   | |  1.1
Hexes          | |  3.9

Action                   |  1- 3 |  4- 6 || total
-------------------------+-------+-------++-------
Melee: Dagger            |     4 |    21 ||    25
 Fire: Hunting sling     |   122 |    33 ||   155
 Cast: Corona            |     2 |     1 ||     3
  Use: Scroll            |     3 |       ||     3
  Eat: Ration            |     1 |       ||     1
Armor: Robe              |    22 |     4 ||    26
Dodge: Dodged            |    44 |    25 ||    69
